 Dungeon Crawl Stone Soup version 0.21.0-3-g78d12a8 (webtiles) character file.

191259 Uhlv the Peltast (level 18, -10/176 HPs)
             Began as a Minotaur Wanderer on Jan 8, 2018.
             Was the Champion of the Shining One.
             Mangled by a naga mage
             ... wielding a +0 spear
              (11 damage)
             ... on level 4 of the Snake Pit.
             The game lasted 01:20:11 (34637 turns).

Uhlv the Peltast (Minotaur Wanderer)               Turns: 34637, Time: 01:20:12

Health: -10/176    AC: 22    Str: 29    XL:     18   Next: 0%
Magic:  0/26       EV:  6    Int:  4    God:    the Shining One [******]
Gold:   547        SH: 16    Dex: 10    Spells: 19/19 levels left

rFire    + + .     SeeInvis +   V - +7 eveningstar (freeze)
rCold    + + .     Gourm    .   X - +0 shield {reflect}
rNeg     + + +     Faith    .   W - +4 chain mail {rC+}
rPois    +         Spirit   .   (helmet restricted)
rElec    .         Reflect  +   p - scarf {rC+ rF+}
rCorr    .         Harm     .   R - +2 pair of gloves {Str+3}
MR       +....                  g - +0 pair of boots
Stlth    ..........             c - amulet "Anicko" {rF+ Regen+ Int-4 Slay+2 SInv}
HPRegen  0.79/turn              N - ring of poison resistance
MPRegen  0.20/turn              C - +3 ring of slaying

@: lethally poisoned (-10 -> -11), very slightly contaminated, glowing,
constricted
A: retaliatory headbutt, horns 2
a: Divine Shield, Cleansing Flame, Summon Divine Warrior, Brand Weapon With Holy
Wrath, Renounce Religion


You were on level 4 of the Snake Pit.
You worshipped the Shining One.
The Shining One was exalted by your worship.
You were very hungry.

You visited 6 branches of the dungeon, and saw 30 of its levels.
You also visited: Labyrinth and Sewer.

You collected 2215 gold pieces.
You spent 1668 gold pieces at shops.

Inventory:

Hand Weapons
 J - a +0 great mace of protection
 L - a +0 morningstar of crushing
 V - a +7 eveningstar of freezing (weapon)
Armour
 g - a +0 pair of boots (worn)
 p - a scarf of resistance (worn)
 G - a +0 large shield
 R - a +2 pair of gloves of strength (worn)
 W - a +4 chain mail of cold resistance (worn)
 X - a +0 shield of reflection (worn)
Jewellery
 c - the amulet "Anicko" (around neck) {rF+ Regen+ Int-4 Slay+2 SInv}
   (You bought it in a shop on level 2 of the Orcish Mines)

   [amulet of regeneration]

   It affects your intelligence (-4).
   It affects your accuracy and damage with ranged weapons and melee attacks
   (+2).
   It protects you from fire.
   It lets you see invisible.
   It increases your rate of regeneration.
 v - an uncursed ring of protection from magic
 C - a +3 ring of slaying (right hand)
 F - an uncursed ring of resist corrosion
 N - a ring of poison resistance (left hand)
 P - an uncursed ring of protection from cold
Wands
 l - a wand of acid (3)
 s - a wand of flame (98)
 z - a wand of polymorph (9)
 I - a wand of paralysis (65)
 Q - a wand of enslavement (16)
 U - a wand of digging (31)
Scrolls
 a - a scroll of identify
 e - 6 scrolls of fog
 h - 5 scrolls of amnesia
 i - 11 scrolls of teleportation
 k - a scroll of blinking
 m - 4 scrolls of fear
 n - 3 scrolls of magic mapping
 t - 4 scrolls of immolation
 y - 9 scrolls of remove curse
 A - 5 scrolls of enchant armour
 D - 3 scrolls of silence
Potions
 b - 10 potions of curing
 d - 3 potions of resistance
 o - 5 potions of haste
 q - 2 potions of magic
 r - 4 potions of lignification
 u - 4 potions of mutation
 w - 9 potions of flight
 E - 3 potions of berserk rage
 H - 3 potions of agility
 M - 2 potions of ambrosia
 O - 7 potions of might
 S - a potion of brilliance
 T - 2 potions of invisibility
Comestibles
 f - 38 rations


   Skills:
 + Level 19.0 Fighting
 - Level 16.0 Maces & Flails
 + Level 14.0 Armour
 - Level 19.5 Shields
 - Level 1.0 Spellcasting
   Level 1.2 Charms
 - Level 12.7 Invocations
 + Level 5.8 Evocations


You had 19 spell levels left.
You didn't know any spells.

Dungeon Overview and Level Annotations

Branches:
Dungeon (15/15)            Temple (1/1) D:4            Lair (6/6) D:10
 Shoals (0/4) Lair:4        Snake (4/4) Lair:2        Slime (0/5) Lair:5
    Orc (2/2) D:12            Elf (0/3) Orc:2        Vaults (0/5) D:14
 Depths (2/5) D:15

Altars:
Ashenzari
Dithmenos
Elyvilon
Kikubaaqudgha
Nemelex Xobeh
Okawaru
Qazlal
Trog
Vehumet
Wu Jian
Xom
Yredelemnul
Zin
The Shining One
Beogh
Jiyva

Shops:
D:5 !   Orc:2 %:[(=   Snake:2 =}   Depths:1 !

Portals:
Hell: Depths:1


Innate Abilities, Weirdness & Mutations

You reflexively headbutt those who attack you in melee.
You have a pair of horns on your head.


Message History

The mana viper bites you but does no damage.
The naga mage gestures at you while chanting.
The poison arrow hits you!
You are poisoned.
You partially resist.
* * * LOW HITPOINT WARNING * * *
x2 The naga mage constricts you.
Unknown command.
You feel better.
The mana viper bites you but does no damage.
The naga mage casts a spell at you. The poison arrow hits you!
You are poisoned.
You partially resist.
* * * LOW HITPOINT WARNING * * *
The naga mage constricts you. The mana viper bites you!
* * * LOW HITPOINT WARNING * * *
You feel your power leaking away. You block the mana viper's attack.
The naga mage hits you with a spear!
You die...

. # ##...##.... .. #.
##.......... ...##.
#...........
......##)[.........
#....#)).........
#...N#).........
####.)##########
#######S(.#.## #
####.##...S@(...#.####
####..........N..)).....#
##.........................
#...........N.#[#[........!
...........###...####S.....
........###.........###....
......###.............###..
......#................. .
.....#.......###'#......


You could see a naga sharpshooter (fleeing), 2 mana vipers, a guardian serpent
(fleeing), a naga mage and a naga (fleeing).

Vanquished Creatures
  A pearl dragon (Depths:1)
  Kirke (D:15)
  Donald (Snake:2)
  A tengu reaver (Depths:1)
  6 nagarajas
  An orc warlord (Orc:2)
  An emperor scorpion (D:15)
  8 very ugly things (Depths:1)
  An ophan (Depths:1)
  2 stone giants (Depths:1)
  A dire elephant (Lair:6)
  An apis (Depths:1)
  A minotaur (Lab)
  An ettin (D:14)
  Josephine (Lair:6)
  3 ogre magi
  A rakshasa (Depths:1)
  4 fire dragons
  An ice dragon (Depths:1)
  4 vault guards (D:14)
  12 hydras
  6 anacondas
  A hell beast (Depths:1)
  4 naga warriors
  5 centaur warriors
  A death knight (D:13)
  3 deep troll shamans (Depths:1)
  A queen ant (Lair:2)
  A deep troll earth mage (Depths:1)
  23 two-headed ogres
  A tengu warrior (D:13)
  The ghost of Gobbopathe the Grappler, a journeyman VSTm of Wu Jian (Lair:1)
  An orc high priest (Orc:2)
  The ghost of zacerdocio the Cleaver, a novice HuBe of Trog (D:8)
  2 shock serpents
  3 naga sharpshooters
  A salamander mystic (Snake:3)
  6 skeletal warriors
  2 iron trolls (Depths:1)
  6 deep trolls (Depths:1)
  2 unseen horrors (D:14)
  A lindwurm (Lair:4)
  6 naga ritualists
  A phantasmal warrior (D:14)
  4 orc knights
  A necromancer (Depths:1)
  A harpy (shapeshifter) (D:15)
  2 deep elf magi
  9 mana vipers
  2 orc sorcerers (Orc:2)
  23 ugly things
  3 manticores
  A cyclops (D:14)
  A rust devil (Depths:1)
  37 black mambas
  9 salamanders
  6 elephants (Lair:6)
  A fire giant skeleton (Depths:1)
  14 naga magi
  7 guardian serpents
  2 gargoyles
  Joseph (D:10)
  4 rime drakes (Lair:6)
  A torpor snail (Lair:5)
  4 spiny frogs
  2 efreet
  6 komodo dragons
  3 demonic crawlers (D:13)
  2 harpy zombies
  14 yaktaurs
  A meliai (shapeshifter) (D:15)
  3 meliai (D:14)
  9 polar bears (Lair:6)
  5 trolls
  A tengu conjurer (Depths:1)
  A hornet (D:7)
  11 slime creatures
  A fire dragon zombie (Depths:1)
  3 raiju (Lair:6)
  4 hippogriffs
  8 blink frogs (Lair:5)
  A wolf spider simulacrum (D:14)
  Prince Ribbit (D:7)
  A meliai zombie (D:15)
  5 shadows
  12 wraiths
  5 redbacks
  A spriggan (Lair:5)
  48 yaks
  A vampire (D:14)
  A human (D:8)
  3 water elementals (Depths:1)
  A wyvern (Lair:5)
  2 basilisks
  A yak (shapeshifter) (Depths:1)
  4 hungry ghosts
  7 hogs
  3 steam dragons
  11 vampire mosquitoes
  10 wargs
  20 soldier ants
  31 nagas
  12 hell hounds
  2 acid dragons (Lair:6)
  4 porcupines
  12 water moccasins
  24 orc warriors
  12 black bears
  3 ice beasts
  2 swamp drakes (Lair:6)
  3 eyes of draining
  An ice beast (shapeshifter) (Depths:1)
  3 sky beasts
  3 phantoms
  A necrophage (D:8)
  10 ogres
  16 wolves
  13 centaurs
  6 crocodiles
  6 big kobolds
  11 bullfrogs
  A gnoll sergeant (D:10)
  A glowing shapeshifter simulacrum (Depths:1)
  2 wyvern zombies
  5 scorpions
  A wyvern skeleton (D:8)
  12 killer bees
  A tengu zombie (Depths:1)
  A spriggan skeleton (Lab)
  3 wights (D:10)
  2 howler monkeys
  A quasit (D:14)
  4 centaur zombies
  12 crimson imps
  2 bullfrog zombies
  21 orc priests
  4 jellies
  8 hounds
  A bullfrog skeleton (D:5)
  4 centaur skeletons
  6 iguanas
  27 worker ants
  26 orc wizards
  18 hell rats
  6 ogre zombies (D:12)
  A hound skeleton (D:11)
  A howler monkey zombie (D:5)
  2 worker ant zombies
  12 gnolls
  6 adders
  4 river rats (D:6)
  7 shadow imps
  5 oozes
  An adder skeleton (D:5)
  A worm (D:2)
  2 dart slugs
  2 leopard geckos
  68 orcs
  3 giant cockroaches
  4 hobgoblins
  18 jackals
  3 quokkas
  A ball python (D:5)
  3 bats
  6 frilled lizards
  5 goblins
  A goblin skeleton (D:12)
  A hobgoblin skeleton (D:12)
  2 hobgoblin zombies (D:12)
  A jackal zombie (D:5)
  35 kobolds
  3 orc skeletons (D:12)
  11 orc zombies (D:12)
  A quokka skeleton (D:8)
  11 rats
  2 plants
1044 creatures vanquished.

Vanquished Creatures (collateral kills)
  A fire dragon (Lair:6)
  A swamp dragon (Lair:6)
  An elephant (Lair:6)
  A komodo dragon (Lair:6)
  3 yaks (Lair:6)
  A warg (Lair:6)
  A hell hound (Lair:6)
  A water moccasin (Lair:5)
  A crocodile (Lair:6)
  An iguana (Lair:6)
12 creatures vanquished.

Vanquished Creatures (others)
  3 naga sharpshooters (Snake:3)
  A kobold demonologist (D:15)
  2 nagas (Snake:3)
  An ice beast (D:14)
  An eye of draining (D:15)
  A bullfrog (D:14)
  A hell rat (Lair:4)
  An orc (Orc:2)
  2 bushes (Lair:6)
  14 fungi
  38 plants
65 creatures vanquished.

Grand Total: 1121 creatures vanquished

Notes
Turn   | Place    | Note
-------+----------+-------------------------------------------
     0 | D:1      | Uhlv the Minotaur Wanderer began the quest for the Orb.
     0 | D:1      | Uhlv set off with: a +2 mace, a potion of curing, a wand of random effects (15), a +0 robe, a ration
     0 | D:1      | Reached XP level 1. HP: 19/19 MP: 1/1
   510 | D:1      | Reached XP level 2. HP: 25/27 MP: 2/2
  1345 | D:2      | Reached XP level 3. HP: 30/33 MP: 3/3
  1676 | D:3      | Noticed a centaur
  1681 | D:3      | Killed a centaur
  1681 | D:3      | Reached skill level 5 in Maces & Flails
  1681 | D:3      | Reached XP level 4. HP: 32/41 MP: 4/4
  1801 | D:3      | Reached XP level 5. HP: 42/47 MP: 5/5
  1896 | D:3      | Reached skill level 5 in Fighting
  2659 | D:4      | Found a staircase to the Ecumenical Temple.
  2681 | Temple   | Entered the Ecumenical Temple
  2719 | Temple   | Became a worshipper of the Shining One
  3162 | D:4      | Reached XP level 6. HP: 52/56 MP: 6/6
  3783 | D:5      | Entered Level 5 of the Dungeon
  3800 | D:5      | Found Eliucac's Distillery.
  3808 | D:5      | Bought a potion of heal wounds for 55 gold pieces
  4115 | D:5      | Reached * piety under the Shining One
  4215 | D:5      | Reached XP level 7. HP: 63/63 MP: 7/7
  4809 | D:6      | Found a glowing drain.
  4816 | Sewer    | Entered a sewer
  4915 | Sewer    | Found a white marble altar of Elyvilon.
  5116 | D:6      | Reached ** piety under the Shining One
  5176 | D:6      | Reached XP level 8. HP: 68/73 MP: 4/8
  5652 | D:7      | Noticed Prince Ribbit
  5673 | D:7      | Reached skill level 10 in Maces & Flails
  5865 | D:7      | Killed Prince Ribbit
  5969 | D:7      | Noticed a hippogriff
  5980 | D:7      | Killed a hippogriff
  6260 | D:7      | Reached XP level 9. HP: 36/82 MP: 6/9
  7244 | D:8      | Noticed zacerdocio's ghost (novice HuBe)
  7261 | D:8      | Killed zacerdocio's ghost
  7261 | D:8      | Reached skill level 10 in Fighting
  7612 | D:8      | Found an iron altar of Okawaru.
  7670 | D:8      | Reached XP level 10. HP: 66/94 MP: 10/10
  7733 | D:8      | Reached *** piety under the Shining One
  8094 | D:8      | Noticed a two-headed ogre
  8100 | D:8      | Killed a two-headed ogre
  8371 | D:9      | Noticed a two-headed ogre
  8710 | D:9      | Identified a scroll of acquirement
  8938 | D:9      | Reached skill level 15 in Maces & Flails
  8980 | D:9      | Killed a two-headed ogre
  9226 | D:10     | Entered Level 10 of the Dungeon
  9343 | D:10     | Reached skill level 1 in Armour
  9345 | D:10     | Reached skill level 1 in Invocations
  9349 | D:10     | Reached XP level 11. HP: 98/103 MP: 7/11
  9387 | D:10     | Found a staircase to the Lair.
  9471 | D:10     | Noticed Joseph
  9482 | D:10     | Killed Joseph
  9487 | D:10     | Found a shadowy altar of Dithmenos.
  9545 | D:10     | Reached **** piety under the Shining One
  9551 | D:10     | Reached skill level 1 in Shields
 10453 | D:11     | Noticed a green ugly thing
 10461 | D:11     | Killed a green ugly thing
 10538 | D:11     | Noticed a two-headed ogre
 10549 | D:11     | Killed a two-headed ogre
 10620 | D:11     | Noticed a brown ugly thing
 10623 | D:11     | Noticed a two-headed ogre
 10627 | D:11     | Killed a brown ugly thing
 10627 | D:11     | Reached skill level 5 in Shields
 10633 | D:11     | Killed a two-headed ogre
 10716 | D:11     | Reached ***** piety under the Shining One
 10742 | D:11     | Noticed a two-headed ogre
 10743 | D:11     | Noticed a five-headed hydra
 10757 | D:11     | Killed a five-headed hydra
 10760 | D:11     | Killed a two-headed ogre
 11056 | D:11     | Noticed a two-headed ogre
 11063 | D:11     | Killed a two-headed ogre
 11063 | D:11     | Reached skill level 5 in Invocations
 11191 | D:11     | Found a shimmering altar of Xom.
 11402 | D:12     | Found a staircase to the Orcish Mines.
 11438 | D:12     | Reached XP level 12. HP: 114/114 MP: 14/14
 12263 | D:12     | Reached ****** piety under the Shining One
 12418 | D:12     | Noticed a seven-headed hydra
 12435 | D:12     | Killed a seven-headed hydra
 12935 | D:12     | Reached skill level 10 in Shields
 13281 | D:13     | Noticed a centaur warrior
 13290 | D:13     | Killed a centaur warrior
 13562 | Lair:1   | Entered Level 1 of the Lair of Beasts
 14045 | Lair:1   | Noticed Gobbopathe's ghost (journeyman VSTm)
 14056 | Lair:1   | Killed Gobbopathe's ghost
 15075 | Lair:2   | Found a staircase to the Snake Pit.
 15108 | Lair:2   | Noticed an eight-headed hydra
 15116 | Lair:2   | Killed an eight-headed hydra
 15284 | Lair:2   | Reached XP level 13. HP: 124/124 MP: 17/17
 16757 | Lair:4   | Found a labyrinth entrance.
 16766 | Lab      | Entered a labyrinth
 17147 | Lab      | Found an exit through the horrors of the Abyss.
 17183 | Lab      | Found an exit through the horrors of the Abyss.
 17229 | Lab      | Noticed a minotaur
 17234 | Lab      | Killed a minotaur
 17503 | Lair:4   | Found a staircase to the Shoals.
 17769 | Lair:4   | Found a bloodstained altar of Trog.
 19128 | Lair:5   | Found a runed door.
 19128 | Lair:5   | Found a viscous altar of Jiyva.
 19129 | Lair:5   | Found a staircase to the Slime Pits.
 19149 | Lair:5   | Reached skill level 15 in Fighting
 19332 | Lair:6   | Entered Level 6 of the Lair of Beasts
 19462 | Lair:6   | Reached skill level 5 in Armour
 19620 | Lair:6   | Reached XP level 14. HP: 39/135 MP: 15/19
 19813 | Lair:6   | Noticed Josephine
 19818 | Lair:6   | Killed Josephine
 23155 | Lair:6   | Reached skill level 15 in Shields
 23962 | Orc:1    | Entered Level 1 of the Orcish Mines
 24354 | Orc:2    | Entered Level 2 of the Orcish Mines
 24356 | Orc:2    | Found Oquff's Jewellery Boutique.
 24450 | Orc:2    | Reached skill level 10 in Invocations
 24456 | Orc:2    | Found a roughly hewn altar of Beogh.
 24460 | Orc:2    | Found Vyac's Book Boutique.
 24483 | Orc:2    | Found a roughly hewn altar of Beogh.
 24565 | Orc:2    | Found a roughly hewn altar of Beogh.
 24767 | Orc:2    | Found a staircase to the Elven Halls.
 24855 | Orc:2    | Found a roughly hewn altar of Beogh.
 24856 | Orc:2    | Found Qesaar's Food Boutique.
 24978 | Orc:2    | Noticed an orc warlord
 25834 | Orc:2    | Found Mucanleo's Antique Armour Shop.
 25835 | Orc:2    | Found a roughly hewn altar of Beogh.
 25846 | Orc:2    | Killed an orc warlord
 25860 | Orc:2    | Found Pamed's Antique Weapon Boutique.
 25887 | Orc:2    | Bought a pair of glowing gloves for 195 gold pieces
 25892 | Orc:2    | Bought a pair of runed gloves for 195 gold pieces
 25966 | Orc:2    | Bought the amulet "Anicko" {rF+ Regen+ Int-4 Slay+2 SInv} for 723 gold pieces
 26205 | D:13     | Reached XP level 15. HP: 136/144 MP: 21/21
 27224 | D:14     | Paralysed by an ogre mage for 5 turns
 27234 | D:14     | Found a large runed door.
 27264 | D:14     | Found a large runed door.
 27325 | D:14     | Found a gate to the Vaults.
 27568 | D:14     | Found a bloodstained altar of Trog.
 27881 | D:14     | Found a glowing silver altar of Zin.
 27884 | D:14     | Found a shadowy altar of Dithmenos.
 27959 | D:15     | Entered Level 15 of the Dungeon
 28240 | D:15     | Reached skill level 10 in Armour
 28393 | D:15     | Found a staircase to the Depths.
 28398 | Depths:1 | Entered Level 1 of the Depths
 28584 | Depths:1 | Reached XP level 16. HP: 107/155 MP: 23/23
 29247 | Depths:1 | Noticed a pearl dragon
 29281 | Depths:1 | Killed a pearl dragon
 29451 | Depths:1 | Found a gateway to Hell.
 29499 | Depths:1 | HP: 6/157 [skeletal warrior/glaive[a skeletal warrior] (14)]
 29939 | Depths:1 | Found a glowing golden altar of the Shining One.
 29994 | Depths:1 | Found a white marble altar of Elyvilon.
 29995 | Depths:1 | Found a glowing silver altar of Zin.
 30062 | Depths:1 | Found Cithruoxt's Distillery.
 30708 | D:15     | Noticed Kirke
 30724 | D:15     | Killed Kirke
 30724 | D:15     | Reached XP level 17. HP: 126/163 MP: 25/25
 31039 | Snake:1  | Entered Level 1 of the Snake Pit
 31967 | Snake:2  | Found Arphuc's Jewellery Emporium.
 31968 | Snake:2  | Found Kewkam's Gadget Boutique.
 31969 | Snake:2  | Found Bowayn's Jewellery Emporium.
 31978 | Snake:2  | Bought an uncursed ring of protection from magic for 500 gold pieces
 32587 | Snake:2  | Noticed Donald
 32605 | Snake:2  | Killed Donald
 33786 | Snake:4  | Entered Level 4 of the Snake Pit
 34140 | Snake:3  | Reached skill level 5 in Evocations
 34615 | Snake:4  | Reached XP level 18. HP: 52/176 MP: 0/26
 34637 | Snake:4  | HP: 1/176 [mana viper (9)]
 34637 | Snake:4  | Mangled by a naga mage

Skill      XL: |  1  2  3  4  5  6  7  8  9 10 11 12 13 14 15 16 17 |
---------------+----------------------------------------------------+-----
Maces & Flails | 3 5 6 7 9 11 13 15 16 | 16.0
Fighting       | 4 5 6 7 8 10 12 13 14 15 16 17 19 | 19.0
Armour         | 1 2 5 8 10 12 14 | 14.0
Invocations    | 1 5 7 8 10 11 12 | 12.7
Shields        | 7 11 13 15 17 19 | 19.5
Evocations     | 5 |  5.8
Spellcasting   | |  1.0
Charms         | |  1.2

Action                   |  1- 3 |  4- 6 |  7- 9 | 10-12 | 13-15 | 16-18 || total
-------------------------+-------+-------+-------+-------+-------+-------++-------
Melee: Mace              |    61 |   106 |   217 |       |       |       ||   384
       Headbutt          |    11 |    19 |    37 |   121 |   270 |   218 ||   676
       Morningstar       |       |       |    72 |    80 |   549 |   508 ||  1209
       Dire flail        |       |       |       |   207 |       |       ||   207
       Great mace        |       |       |       |   319 |   669 |       ||   988
       Eveningstar       |       |       |       |       |       |   264 ||   264
Invok: Divine Shield     |       |       |     2 |     8 |    23 |    16 ||    49
       Summon Divine War |       |       |       |       |     6 |       ||     6
       Cleansing Flame   |       |       |       |       |     5 |       ||     5
Evoke: Wand              |       |       |       |       |       |     3 ||     3
  Use: Potion            |       |     2 |     7 |     2 |     3 |     8 ||    22
       Scroll            |       |       |    12 |     9 |    15 |    15 ||    51
  Eat: Chunk             |     2 |     8 |    20 |    11 |    16 |    11 ||    68
       Ration            |       |       |     1 |     5 |     9 |     3 ||    18
Armor: Robe              |    11 |     4 |       |       |       |       ||    15
       Scale mail        |       |    13 |       |       |       |       ||    13
       Chain mail        |       |    16 |   190 |   369 |   604 |   164 ||  1343
Dodge: Dodged            |    47 |    55 |   110 |   197 |   296 |   116 ||   821
Block: Other             |       |       |    17 |    45 |    97 |       ||   159
       Large shield      |       |       |       |       |   511 |   456 ||   967
       Shield            |       |       |       |       |       |   296 ||   296
       Reflection        |       |       |       |       |       |    48 ||    48
